 Dungeon Crawl Stone Soup version 0.18.1-48-g4cf74bf (webtiles) character file.

181 GFox the Vandal (level 5, -3/25 HPs)
             Began as a Spriggan Hunter on Aug 21, 2016.
             Was an Initiate of Okawaru.
             Slain by Grinder (7 damage)
             ... while paralysed by Grinder
             ... on level 3 of the Dungeon.
             The game lasted 00:17:16 (1991 turns).

GFox the Vandal (Spriggan Hunter)                   Turns: 1991, Time: 00:17:17

Health: -3/25      AC:  2    Str:  8    XL:     5   Next: 34%
Magic:  6/6        EV:  4    Int: 13    God:    Okawaru [......]
Gold:   180        SH:  0    Dex: 17    Spells: 0 memorised, 4 levels left

rFire  . . .     SeeInvis +     a - +3 hunting sling
rCold  . . .     Gourm    .     c - +0 robe
rNeg   . . .     Faith    .     g - +0 buckler
rPois  .         Spirit   .     (helmet restricted)
rElec  .         Dismiss  .     (no cloak)
rCorr  .         Reflect  .     (gloves unavailable)
SustAt .         Harm     .     (boots unavailable)
MR     .....                    (no amulet)
Stlth  ++........               (no ring)
                                (no ring)

@: paralysed, very quick, not resistant to hostile enchantments, unstealthy
A: unfitting armour, see invisible, herbivore 3, speed 3, slow metabolism 2
a: Renounce Religion


You were on level 3 of the Dungeon.
You worshipped Okawaru.
Okawaru was noncommittal.
You were not hungry.

You visited 1 branch of the dungeon, and saw 3 of its levels.

You collected 180 gold pieces.

Inventory:

Hand Weapons
 a - a +3 hunting sling (weapon)
 o - a +1 dagger of venom
Missiles
 d - 7 sling bullets (quivered)
 i - 111 stones
 p - 13 poisoned needles
Armour
 c - a +0 robe (worn)
 g - a +0 buckler (worn)
Scrolls
 e - a scroll of fear
 k - 2 scrolls of amnesia
 l - a scroll of enchant armour {unknown}
 t - a scroll of teleportation
Potions
 b - a potion of agility {unknown}
 h - 2 potions of might {unknown}
 j - a potion of heal wounds {unknown}
 r - a potion of ambrosia {unknown}
 u - a potion of mutation {unknown}
Comestibles
 f - 2 bread rations
 n - a royal jelly


   Skills:
 + Level 1.6 Fighting
 + Level 7.7 Slings
 + Level 3.8 Dodging
 + Level 1.7 Stealth
 + Level 0.1 Shields


You had 4 spell levels left.
You didn't know any spells.

Dungeon Overview and Level Annotations

Branches:
Dungeon (3/15)

Altars:
Okawaru

Annotations:
D:3 Grinder


Innate Abilities, Weirdness & Mutations

You are tiny and cannot use many weapons and most armour.
You have supernaturally acute eyesight.
You are a herbivore.
You cover ground extremely quickly.
You need consume almost no food.


Message History

Aim: Grinder (severely wounded)
You shoot a sling bullet. The sling bullet hits Grinder.
Grinder is severely wounded.
Grinder says, "Just stop there for a second..."
Firing (i - inventory. (,) - cycle):
d - 9 sling bullets (quivered)
Press: ? - help, Shift-Dir - straight line, f/p - Grinder
Aim: Grinder (severely wounded)
You shoot a sling bullet. The sling bullet hits Grinder.
Grinder is almost dead.
Grinder barely misses you.
Firing (i - inventory. (,) - cycle):
d - 8 sling bullets (quivered)
Press: ? - help, Shift-Dir - straight line, f/p - Grinder
Aim: Grinder (almost dead)
You shoot a sling bullet. The sling bullet barely misses Grinder.
Grinder gestures at you.
You suddenly lose the ability to move!
Grinder hits you.
* * * LOW HITPOINT WARNING * * *
Grinder hits you!
You die...

#.# #.#
#.#######
#.<.....#
#######.#
#...###.#
#.......#
#...###.#
##@## #.#
#.5.# #.#
####.#.# #.#
#....#%....#
#....#(###..(#
#....#.((((#.#
.....#.###(###
# .....#. .#
...# ## ##


You could see Grinder.

Vanquished Creatures
  Jessica (D:2)
  Natasha (thrice) (D:2)
  3 adders (D:2)
  A worm (D:2)
  3 dart slugs
  A giant gecko (D:2)
  2 bats (D:1)
  2 giant cockroaches
  6 goblins
  5 hobgoblins
  A jackal (D:1)
  A ball python (D:2)
  5 giant newts
  10 kobolds
  6 rats
50 creatures vanquished.

Notes
Turn   | Place    | Note
--------------------------------------------------------------
     0 | D:1      | GFox the Spriggan Hunter began the quest for the Orb.
     0 | D:1      | Reached XP level 1. HP: 10/10 MP: 2/2
     8 | D:1      | Reached skill level 5 in Slings
   138 | D:1      | Reached XP level 2. HP: 14/14 MP: 3/3
   738 | D:1      | Reached XP level 3. HP: 18/18 MP: 4/4
   823 | D:2      | Found an iron altar of Okawaru.
   836 | D:2      | Became a worshipper of Warmaster Okawaru
   839 | D:2      | Reached skill level 6 in Slings
   916 | D:2      | Noticed Natasha
   934 | D:2      | Killed Natasha
  1137 | D:2      | Reached XP level 4. HP: 22/22 MP: 5/5
  1244 | D:2      | Noticed Jessica
  1250 | D:2      | Killed Jessica
  1250 | D:2      | Reached skill level 7 in Slings
  1278 | D:2      | Noticed Natasha
  1288 | D:2      | Killed Natasha
  1356 | D:2      | Reached XP level 5. HP: 25/25 MP: 6/6
  1431 | D:2      | Noticed Natasha
  1444 | D:2      | Killed Natasha
  1963 | D:3      | Noticed Grinder
  1988 | D:3      | Paralysed by Grinder for 4 turns
  1991 | D:3      | Slain by Grinder

Skill      XL: |  1  2  3  4 |
---------------+-------------+-----
Slings         | 5 6 7 |  7.7
Fighting       | |  1.6
Dodging        | |  3.8
Stealth        | |  1.7
Shields        | |  0.1

Action                   |  1- 3 |  4- 6 || total
-------------------------+-------+-------++-------
Melee: Dagger            |     4 |    10 ||    14
       Short sword       |       |    14 ||    14
 Fire: Hunting sling     |    92 |    53 ||   145
  Use: Scroll            |       |     7 ||     7
 Stab: Sleeping          |       |     2 ||     2
Armor: Robe              |     3 |       ||     3
Dodge: Dodged            |    12 |    21 ||    33
Block: Buckler           |     6 |     7 ||    13
